 Dungeon Crawl Stone Soup version 0.18-a0-721-g8fc53f4 (webtiles) character file.

1995 Ijustatesigmund the Covert (level 9, -4/57 HPs)
             Began as an Octopode Wizard on Dec 8, 2015.
             Was an Initiate of Cheibriados.
             Splashed by a jelly's acid (9 damage)
             ... on level 6 of the Dungeon.
             The game lasted 00:30:45 (7515 turns).

Ijustatesigmund the Covert (Octopode Wizard)        Turns: 7515, Time: 00:30:47

Health: -4/57      AC: -5    Str: 11    XL:     9   Next: 21%
Magic:  7/15       EV: 14    Int: 24    God:    Cheibriados [......]
Gold:   227        SH:  0    Dex: 17    Spells: 5 memorised, 6 levels left

rFire  . . .     SeeInvis .     w - +2 dagger of the People {pierce, rElec MR+ Dex+5}
rCold  . . .     Clarity  .     (no shield)
rNeg   . . .     SustAt   .     a - +2 hat
rPois  .         Gourm    +     f - amulet of the gourmand
rElec  +         Spirit   .     x - +4 ring of strength
rCorr  .         Dismiss  .     (no ring)
rMut   .         Stasis   .     (no ring)
MR     +....                    (no ring)
Stlth  ++++++....               (no ring)
                                (no ring)
                                (no ring)
                                (no ring)

@: lethally poisoned (-4 -> -5), corroded equipment, repel missiles, very slow,
somewhat resistant to hostile enchantments, very stealthy
A: almost no armour, amphibious, 8 rings, constrict 8, camouflage 1, gelatinous
body 1
a: Bend Time, Renounce Religion


You were on level 6 of the Dungeon.
You worshipped Cheibriados.
Cheibriados was noncommittal.
You were very full.

You visited 2 branches of the dungeon, and saw 7 of its levels.

You collected 227 gold pieces.

Inventory:

Hand Weapons
 g - a +1 short sword
 q - the +7 Singing Sword
   (You found it on level 4 of the Dungeon)
 u - a +2 quarterstaff of chaos
 w - the +2 dagger of the People (weapon) {pierce, rElec MR+ Dex+5}
   (You found it on level 5 of the Dungeon)

   It inflicts extra damage upon your enemies.
   It affects your dexterity (+5).
   It insulates you from electricity.
   It affects your resistance to hostile enchantments.
 E - a +2 dagger of venom
Armour
 a - a +2 hat (worn)
Jewellery
 f - an amulet of the gourmand (around mantle)
 x - a +4 ring of strength (left tentacle)
Wands
 m - a wand of confusion (33)
 t - a wand of frost (15)
 D - a wand of draining (7)
Scrolls
 e - 4 scrolls of remove curse
 j - 8 scrolls of enchant weapon
 s - 2 scrolls of recharging
 y - a scroll of vulnerability
 C - a scroll of magic mapping
 F - 3 scrolls of teleportation
Potions
 d - 3 potions of mutation
 i - 3 potions of lignification
 n - 2 potions of curing
 o - a potion of might {unknown}
 r - 2 potions of resistance
 v - 2 potions of haste
 z - a potion of magic {unknown}
 B - a potion of degeneration {unknown}
Books
 b - a book of Minor Magic

   Spells                             Type                      Level
   a - Magic Dart                     Conjuration                  1
   b - Blink                          Translocation                2
   c - Call Imp                       Summoning                    2
   d - Repel Missiles                 Charms/Air                   2
   e - Slow                           Hexes                        2
   f - Conjure Flame                  Conjuration/Fire             3
   g - Mephitic Cloud                 Conjuration/Poison/Air       3
 A - a book of Transfigurations

   Spells                             Type                      Level
   a - Stoneskin                      Transmutation/Earth          2
   b - Irradiate                      Conjuration/Transmutation    5
   c - Statue Form                    Transmutation/Earth          6
   d - Hydra Form                     Transmutation                6
   e - Dragon Form                    Transmutation                7
Comestibles
 c - 4 bread rations
 h - 6 meat rations
 k - a beef jerky
 l - 2 fruits
 p - 3 slices of pizza


   Skills:
 - Level 3.3 Fighting
 + Level 5.2 Short Blades
 - Level 3.2 Dodging
 + Level 9.8 Stealth
 + Level 4.6 Spellcasting
 - Level 5.0 Conjurations
   Level 1.0 Summonings
 - Level 1.0 Translocations
 - Level 1.0 Air Magic
 - Level 1.3 Poison Magic


You had 6 spell levels left.
You knew the following spells:

 Your Spells              Type           Power        Failure   Level  Hunger
a - Magic Dart            Conj           ####         1%          1    None
b - Blink                 Tloc           N/A          12%         2    None
c - Repel Missiles        Chrm/Air       #.....       12%         2    None
d - Mephitic Cloud        Conj/Pois/Air  ###.....     12%         3    ##.....
e - Conjure Flame         Conj/Fire      ###.....     12%         3    ##.....


Dungeon Overview and Level Annotations

Branches:
Dungeon (6/15)             Temple (1/1) D:6

Altars:
Cheibriados
Dithmenos
Elyvilon
Fedhas
Makhleb
Nemelex Xobeh
Qazlal
Vehumet
Xom


Innate Abilities, Weirdness & Mutations

You cannot wear most types of armour.
You are amphibious.
You can wear up to eight rings at the same time.
You can use your tentacles to constrict eight enemies at once.
Your skin changes colour to match your surroundings (Stealth).
Your rubbery body absorbs attacks (AC +1).


Message History

Aiming: Mephitic Cloud
Press: ? - help, Shift-Dir - straight line, f/p - jelly
Aim: a jelly (severely wounded)
The ball explodes into a vile cloud!
The stinking cloud engulfs the jelly.
The jelly is severely wounded.
The stinking cloud engulfs the adder.
You hear a shout!
The adder is engulfed in noxious fumes.
The adder appears confused.
You hit the jelly but do no damage.
Your tentacles burn!
The jelly is severely wounded.
The jelly hits you.
You are splashed with acid!
The acid burns!
* * * LOW HITPOINT WARNING * * *
The adder is engulfed in noxious fumes.
The adder appears confused.
You hit the jelly.
Your tentacles burn!
* * * LOW HITPOINT WARNING * * *
The jelly is severely wounded.
The jelly hits you.
* * * LOW HITPOINT WARNING * * *
You are splashed with acid!
The acid burns!
You die...

#.#.....!..#.#.#.#
#.#####..#........
#.### #....#...... ..
......##........
......####.#...>.. #
..#...###....[...
#.###.#.......#[.....
#.....#...###........
#@J§§.###..#.#.#.# ##
#.§§§.............
...#.S§..##..........
#.....#†.######......
#........######...Z..
#.....#..............
...####.#########.#..
..# #.......# #.###
#..####.# #.#


You could see a jelly and an adder (confused).

Vanquished Creatures
  Sigmund (D:3)
  Edmund (D:6)
  2 ice beasts (D:6)
  A black bear (D:6)
  3 ogres
  A giant frog (D:6)
  5 scorpions (D:4)
  2 crimson imps (D:6)
  2 orc priests
  A giant frog skeleton (D:4)
  Crazy Yiuf (D:3)
  A hound (D:5)
  2 jellies
  4 orc wizards
  2 worker ants (D:4)
  Ijyb (D:3)
  Terence (D:2)
  2 iguanas (D:4)
  Natasha (thrice) (D:3)
  A hound skeleton (D:5)
  Robin (D:3)
  15 adders
  4 oozes
  3 worms
  An adder skeleton (D:6)
  A giant gecko (D:2)
  12 orcs
  13 bats
  9 hobgoblins
  7 jackals
  5 quokkas
  2 ball pythons
  3 giant cockroaches
  A giant cockroach zombie (D:5)
  A giant gecko skeleton (D:5)
  4 giant newts
  11 goblins
  6 kobolds
  6 rats
142 creatures vanquished.

Vanquished Creatures (others)
  A scorpion (D:4)
  13 fungi (D:4)
14 creatures vanquished.

Grand Total: 156 creatures vanquished

Notes
Turn   | Place    | Note
--------------------------------------------------------------
     0 | D:1      | Ijustatesigmund the Octopode Wizard began the quest for the Orb.
     0 | D:1      | Reached XP level 1. HP: 11/11 MP: 4/4
   400 | D:1      | Reached XP level 2. HP: 15/17 MP: 1/6
   404 | D:1      | Learned a level 2 spell: Blink
   407 | D:1      | Learned a level 2 spell: Repel Missiles
   922 | D:2      | Reached XP level 3. HP: 19/21 MP: 0/7
   927 | D:2      | Learned a level 3 spell: Mephitic Cloud
  1165 | D:2      | Reached skill level 4 in Stealth
  1536 | D:2      | Reached XP level 4. HP: 27/27 MP: 4/8
  1569 | D:2      | Noticed Terence
  1592 | D:2      | Killed Terence
  1598 | D:2      | Reached skill level 5 in Stealth
  1962 | D:2      | Reached XP level 5. HP: 31/31 MP: 4/9
  2562 | D:3      | Found a faded altar to an unknown god.
  3312 | D:3      | Noticed Ijyb
  3319 | D:3      | Killed Ijyb
  3319 | D:3      | Reached skill level 1 in Short Blades
  3431 | D:3      | Noticed Robin
  3450 | D:3      | Noticed Sigmund
  3465 | D:3      | Killed Sigmund
  3465 | D:3      | Reached skill level 6 in Stealth
  3465 | D:3      | Reached XP level 6. HP: 32/36 MP: 7/10
  3473 | D:3      | Noticed Natasha
  3475 | D:3      | Killed Natasha
  3485 | D:3      | Noticed Natasha
  3493 | D:3      | Killed Natasha
  3528 | D:3      | Reached skill level 7 in Stealth
  3781 | D:3      | Reached XP level 7. HP: 38/41 MP: 3/11
  3787 | D:3      | Killed Robin
  3950 | D:3      | Noticed Natasha
  3956 | D:3      | Killed Natasha
  4040 | D:3      | Reached skill level 5 in Conjurations
  4313 | D:3      | Noticed Crazy Yiuf
  4327 | D:3      | Killed Crazy Yiuf
  4524 | D:4      | Reached skill level 1 in Poison Magic
  4779 | D:4      | Reached skill level 1 in Air Magic
  5291 | D:4      | Reached skill level 1 in Fighting
  5396 | D:4      | Reached skill level 8 in Stealth
  5750 | D:4      | Reached XP level 8. HP: 51/51 MP: 1/12
  5964 | D:5      | Entered Level 5 of the Dungeon
  5983 | D:5      | Got an ivory dagger
  5984 | D:5      | Identified the +2 dagger of the People {pierce, rElec MR+ Dex+5} (You found it on level 5 of the Dungeon)
  6268 | D:5      | Learned a level 3 spell: Conjure Flame
  6879 | D:6      | Found a staircase to the Ecumenical Temple.
  6908 | D:6      | Noticed Edmund
  6908 | D:6      | Reached skill level 9 in Stealth
  7106 | D:6      | Killed Edmund
  7178 | D:6      | Reached XP level 9. HP: 57/57 MP: 11/15
  7184 | Temple   | Entered the Ecumenical Temple
  7199 | Temple   | Became a worshipper of Cheibriados the Contemplative
  7305 | D:6      | Reached skill level 5 in Short Blades
  7515 | D:6      | Splashed by a jelly's acid

Vault maps used:
D:1:      elethiomel_arrival_maze
D:2:      grunt_ministairs_11, grunt_decor_mini_mirrors, amethyst_killhole,
          uniq_terence
D:3:      ecumenical_altar_1, uniq_robin, uniq_crazy_yiuf_cottage, uniq_iyjb,
          uniq_natasha, uniq_sigmund
D:4:      old_forge, first_bread
D:5:      st_stairs_1
D:6:      hangedman_cross_stitches, nicolae_ru_great_annihilating_truth,
          gammafunk_temple_overflow_elements, kennysheep_vampire_church,
          minmay_temple_entry_glass, uniq_edmund
Temple:   lightli_temple_of_artemis

Action                   |  1- 3 |  4- 6 |  7- 9 || total
-------------------------+-------+-------+-------++-------
Melee: Short sword       |    16 |    60 |    63 ||   139
       Dagger            |       |       |    77 ||    77
 Cast: Magic Dart        |    56 |    99 |   146 ||   301
       Repel Missiles    |     1 |       |     1 ||     2
       Mephitic Cloud    |       |     5 |    15 ||    20
       Blink             |       |       |     6 ||     6
       Conjure Flame     |       |       |     1 ||     1
Evoke: Wand              |       |       |     2 ||     2
  Use: Scroll            |    11 |     1 |     8 ||    20
       Potion            |       |     3 |     3 ||     6
 Stab: Confused          |       |     3 |     6 ||     9
       Sleeping          |       |     1 |     6 ||     7
       Distracted        |       |       |     1 ||     1
  Eat: Chunk             |     2 |    11 |    23 ||    36
       Fruit             |       |     1 |       ||     1
